 Dungeon Crawl Stone Soup version 0.30-a0-672-gc3a7216ad8 (webtiles) character file.

Game seed: 12164206840819649426

5265 lesbiats the Grappler (level 10, 0/100 HPs)
             Began as a Troll Fighter on Jan 19, 2023.
             Slain by a killer bee (3 damage)
             ... on level 8 of the Dungeon.
             The game lasted 00:26:16 (6970 turns).

lesbiats the Grappler (Troll Fighter)               Turns: 6970, Time: 00:26:17

Health: 0/100      AC:  6    Str: 26    XL:     10   Next: 36%
Magic:  9/9        EV:  9    Int:  8    God:
Gold:   487        SH:  9    Dex:  9    Spells: 9/9 levels left

rFire   . . .      SeeInvis .      - Unarmed
rCold   . . .      Faith    .    b - +0 kite shield
rNeg    + . .      Spirit   .    a - +0 robe
rPois   +          Reflect  .    C - +1 hat
rElec   .          Harm     .    H - +0 cloak
rCorr   .          Rampage  .    (gloves unavailable)
Will    .....                    (boots unavailable)
Stlth   +                        (no amulet)
HPRegen 1.16/turn                m - ring of poison resistance
MPRegen 0.11/turn                r - ring of positive energy

@: lethally poisoned (0 -> -2), hasted, very quick
A: large, unfitting armour, claws 3, regeneration 1, shaggy fur 1, tough skin 1
a: no special abilities


You were on level 8 of the Dungeon.
You visited 2 branches of the dungeon, and saw 9 of its levels.
You also visited: Sewer.

You collected 487 gold pieces.

Inventory:

Hand Weapons
 y - the +8 dire flail "Killer Klown's Peril" {flame, Int+4}
   (You took it off an ogre on level 4 of the Dungeon)

   Int:       It affects your intelligence (+4).
 M - a +2 long sword of flaming
 O - the +4 short sword of the Hierophant {pain, rF+ rN+ Str-2}
   (You found it on level 5 of the Dungeon)

   Str:       It affects your strength (-2).
   rF:        It protects you from fire.
   rN:        It protects you from negative energy.
Missiles
 o - 4 atropa-tipped darts (quivered)
 q - 3 large rocks
 u - 22 poisoned darts
 z - a boomerang
Armour
 a - a +0 robe (worn)
 b - a +0 kite shield (worn)
 C - a +1 hat (worn)
 H - a +0 cloak (worn)
Jewellery
 m - a ring of poison resistance (left claw)
 r - a ring of positive energy (right claw)
 A - a ring of ice
 B - a ring of see invisible
 P - a +4 ring of slaying
Wands
 D - a wand of paralysis (17)
 N - a wand of polymorph (9)
Scrolls
 f - 3 scrolls of fog {unknown}
 g - a scroll of magic mapping {unknown}
 i - 3 scrolls of fear
 k - a scroll of enchant armour {unknown}
 l - 2 scrolls of immolation
 n - a scroll of enchant weapon {unknown}
 t - a scroll of amnesia {unknown}
 w - a scroll of blinking {unknown}
 E - 2 scrolls of summoning {unknown}
 F - 3 scrolls of teleportation
 G - 3 scrolls of poison {unknown}
 J - a scroll of acquirement {unknown}
 L - a scroll of identify
Potions
 c - 3 potions of might
 d - 2 potions of heal wounds
 h - 3 potions of curing
 j - a potion of haste
 p - a potion of magic {unknown}
 s - 2 potions of brilliance {unknown}
 v - a potion of cancellation {unknown}
 x - 2 potions of attraction {unknown}
 I - a potion of berserk rage {unknown}
 K - 3 potions of resistance {unknown}
Miscellaneous
 e - a lightning rod (4/4)


   Skills:
 + Level 6.9 Fighting
 - Level 2.4 Dodging
 + Level 7.6 Shields
 * Level 11.2 Unarmed Combat


You had 9 spell levels left.
You didn't know any spells.
Your spell library contained the following spells:

 Spells                   Type           Power      Damage    Failure   Level
 Apportation              Tloc           0%         N/A       65%         1
 Beastly Appendage        Tmut           0%         N/A       65%         1
 Necrotise                Necr           0%         1d4       65%         1
 Summon Small Mammal      Summ           0%         N/A       65%         1
 Wereblood                Tmut           0%         N/A       78%         2
 Ignite Poison            Fire/Tmut/Pois 0%         N/A       95%         3
 Kindle Blastsparks       Fire/Tloc/Air  0%         2d10      95%         3
 Spider Form              Tmut/Pois      0%         N/A       95%         3
 Summon Ice Beast         Ice/Summ       0%         N/A       100%        4
 Freezing Cloud           Conj/Ice/Air   0%         6-21      100%        5
 Summon Mana Viper        Hex/Summ       0%         N/A       100%        5
 Monstrous Menagerie      Summ           0%         N/A       100%        7


Dungeon Overview and Level Annotations

Branches:
Dungeon (8/15)             Temple (1/1) D:6           Sewer (visited)
   Lair: D:8-11

Altars:
Cheibriados
Elyvilon
Fedhas
Gozag
Hepliaklqana
Makhleb
Okawaru
Qazlal
Ru
Sif Muna
Trog
Uskayaw
Xom
Yredelemnul
Zin
The Shining One

Shops:
D:4 (

Portals:
Abyss: D:5

Annotations:
D:8 Erica


Innate Abilities, Weirdness & Mutations

You are too large for most types of armour.
You have claws for hands.
Your natural rate of healing is unusually fast.
You are covered in fur. (AC +1)
You have tough skin. (AC +1)


Message History

* * * LOW HITPOINT WARNING * * *
The killer bee closely misses you.
The killer bee attacks as you move away!
The killer bee completely misses you.
The killer bee attacks as you move away!
You block the killer bee's attack.
The killer bee stings you but does no damage.
The killer bee closely misses you.
The killer bee attacks as you move away!
The killer bee stings you!
* * * LOW HITPOINT WARNING * * *
The killer bee stings you but does no damage.
You feel much better. The killer bee stings you!
You are poisoned.
The killer bee poisons you! You block the killer bee's attack.
The killer bee attacks as you move away!
You block the killer bee's attack.
You feel sick. The killer bee stings you.
* * * LOW HITPOINT WARNING * * *
You are more poisoned.
The killer bee poisons you! The killer bee stings you.
* * * LOW HITPOINT WARNING * * *
You block the killer bee's attack. The killer bee barely misses you.
The killer bee attacks as you move away!
The killer bee stings you.
* * * LOW HITPOINT WARNING * * *
You feel sick. The killer bee stings you!
* * * LOW HITPOINT WARNING * * *
The killer bee attacks as you move away!
The killer bee closely misses you.
* * * LOW HITPOINT WARNING * * *
You feel sick.
The killer bee stings you but does no damage.
The killer bee attacks as you move away!
The killer bee barely misses you.
An orc comes into view. It is wielding a +0 whip.
* * * LOW HITPOINT WARNING * * *
You feel sick.
The orc shouts!
You hear a shout! x2
You block the killer bee's attack. The killer bee stings you.
You die...

#..###...##.).#.>..##.#..........
..............)..................
#............).........##........
..##...................##.......
.#...#.........o.......#
.....##.###.....o.......
.....#...##........#....
#.............yyyy.#....
................@y.# ...
##.......##..##.........
###.......#.# #.........
#.......... #.......#.
##......... ........#
####........ .........#
.##......... .......o.#
......................#
.............#


You could see 5 killer bees and 3 orcs.

Vanquished Creatures
  The ghost of Strat the Slasher, a novice DjRe (D:5)
  A gargoyle (D:5)
  The ghost of Sabo the Gusty, a novice DrAE of Dithmenos (D:4)
  A hornet (D:7)
  Grinder (Sewer)
  Prince Ribbit (D:8)
  2 yaks (D:5)
  A steam dragon (D:6)
  A water moccasin (D:7)
  A black bear (D:5)
  3 ogres
  A phantom (D:4)
  3 bullfrogs
  3 kobold brigands
  4 necrophages
  5 scorpions
  16 wights
  6 killer bees (D:7)
  An electric eel (D:6)
  5 jellies
  2 howler monkeys
  A quasit (Sewer)
  3 hounds
  A gnoll bouda (D:6)
  3 orc priests
  2 iron imps (D:5)
  An iguana (D:6)
  An orc wizard (D:8)
  A mummy (D:6)
  11 gnolls
  10 adders
  4 shadow imps
  2 white imps (D:5)
  5 ufetubi
  2 worms
  A dart slug (D:1)
  15 orcs
  11 ball pythons
  6 bats
  3 endoplasms
  5 giant cockroaches
  8 goblins
  7 hobgoblins
  9 jackals
  3 quokkas
  4 frilled lizards
  18 kobolds
  A kobold zombie (Sewer)
  6 rats
204 creatures vanquished.

Vanquished Creatures (others)
  An endoplasm (Sewer)
  6 fungi (D:4)
  6 plants (D:4)
13 creatures vanquished.

Grand Total: 217 creatures vanquished

Notes
Turn   | Place    | Note
-------+----------+-------------------------------------------
     0 | D:1      | lesbiats the Troll Fighter began the quest for the Orb.
     0 | D:1      | Reached XP level 1. HP: 22/22 MP: 0/0
   216 | D:1      | Reached XP level 2. HP: 29/29 MP: 1/1
   785 | D:2      | Reached XP level 3. HP: 36/36 MP: 2/2
   830 | D:2      | Reached skill level 3 in Unarmed Combat
  1523 | D:3      | Reached XP level 4. HP: 44/44 MP: 3/3
  1801 | D:3      | Found an iron altar of Okawaru.
  2122 | D:4      | Found a stormy altar of Qazlal.
  2133 | D:4      | Found a blossoming altar of Fedhas.
  2164 | D:4      | Noticed a phantom
  2176 | D:4      | Killed a phantom
  2177 | D:4      | Reached skill level 4 in Unarmed Combat
  2177 | D:4      | Reached XP level 5. HP: 47/53 MP: 4/4
  2182 | D:4      | Found a glowing silver altar of Zin.
  2220 | D:4      | Found a basalt altar of Yredelemnul.
  2357 | D:4      | Found a transporter.
  2360 | D:4      | Noticed Sabo's ghost (novice DrAE)
  2360 | D:4      | Identified the +8 dire flail "Killer Klown's Peril" {flame,
                  | Int+4}
  2360 | D:4      | Noticed an ogre
  2371 | D:4      | Found Zyaxoar's Antique Weapon Boutique.
  2448 | D:4      | Found a glowing drain.
  2485 | Sewer    | Entered a sewer
  2567 | Sewer    | Reached XP level 6. HP: 61/61 MP: 5/5
  2596 | Sewer    | Found a burning altar of Makhleb.
  2609 | Sewer    | Reached skill level 5 in Unarmed Combat
  2701 | Sewer    | Noticed Grinder
  2720 | Sewer    | Killed Grinder
  2721 | Sewer    | Reached XP level 7. HP: 64/70 MP: 6/6
  2894 | D:4      | Reached skill level 6 in Unarmed Combat
  3144 | D:4      | Found a transporter.
  3317 | D:4      | Killed Sabo's ghost
  3318 | D:4      | Reached skill level 5 in Shields
  3318 | D:4      | Reached XP level 8. HP: 20/79 MP: 7/7
  3385 | D:4      | Reached skill level 7 in Unarmed Combat
  3473 | D:5      | Entered Level 5 of the Dungeon
  3502 | D:5      | Found a transporter.
  3550 | D:5      | Noticed Strat's ghost (novice DjRe)
  3610 | D:5      | Reached skill level 5 in Fighting
  3697 | D:5      | Found a large runed translucent door.
  3699 | D:5      | Found a large runed translucent door.
  3704 | D:5      | Noticed a gargoyle
  3714 | D:5      | Found a large runed translucent door.
  3714 | D:5      | Found a large runed translucent door.
  3777 | D:5      | Reached skill level 8 in Unarmed Combat
  3888 | D:5      | Found a glowing golden altar of the Shining One.
  4016 | D:5      | Reached XP level 9. HP: 54/88 MP: 8/8
  4114 | D:5      | Reached skill level 9 in Unarmed Combat
  4166 | D:5      | Found a transporter.
  4361 | D:5      | Found a one-way gate to the infinite horrors of the Abyss.
  4398 | D:5      | Killed Strat's ghost
  4529 | D:5      | Killed a gargoyle
  4550 | D:5      | Identified the +2 leather armour "Deodghidgh" {rElec rPois
                  | rF+}
  4558 | D:5      | Identified the +4 short sword of the Hierophant {pain, rF+
                  | rN+ Str-2}
  4600 | D:6      | Found a staircase to the Ecumenical Temple.
  4617 | Temple   | Entered the Ecumenical Temple
  4898 | D:6      | Reached skill level 10 in Unarmed Combat
  5262 | D:6      | Found a snail-covered altar of Cheibriados.
  5448 | D:6      | Found a burning altar of Makhleb.
  5448 | D:6      | Found a shimmering blue altar of Sif Muna.
  5454 | D:6      | Found a faded altar of an unknown god.
  5456 | D:6      | Found a bloodstained altar of Trog.
  5458 | D:6      | Found a faded altar of an unknown god.
  5857 | D:7      | Reached XP level 10. HP: 81/100 MP: 9/9
  6699 | D:8      | Noticed Prince Ribbit
  6715 | D:8      | Killed Prince Ribbit
  6716 | D:8      | Reached skill level 11 in Unarmed Combat
  6755 | D:8      | Noticed Erica
  6969 | D:8      | HP: 5/100 [poisoned by a killer bee]
  6970 | D:8      | Slain by a killer bee

Illustrated notes

Levels and vault maps discovered:
D:1:      minmay_arrival_four_loops, layout_basic
D:2:      layout_basic
D:3:      layout_loops_ring, mainiacjoe_overflow_paths, serial_rivers,
          chequers_serial_rivers_micro_d, chequers_serial_rivers_micro_c,
          chequers_serial_rivers_micro_c, chequers_serial_rivers_marsh,
          chequers_serial_rivers_marsh, chequers_serial_rivers_small_b
D:4:      layout_basic, mainiacjoe_overflow_brackets,
          grunt_temple_overflow_forces_of_nature, mainiacjoe_overflow_boulevard,
          portal_sewer_entry_c, gammafunk_ghost_smash, serial_shops,
          nicolae_shop_crystal, reono_crystal_passage
D:5:      layout_rooms, mainiacjoe_overflow_24_doors,
          gammafunk_ghost_abyssal_escape, minmay_hollow_rounded_squares
D:6:      layout_basic, chequers_temple_overflow_minitemple, slow_altar_2,
          temple_statues, serial_rivers, chequers_serial_rivers_micro_e,
          chequers_serial_rivers_small_3, chequers_serial_rivers_large_b,
          chequers_serial_rivers_micro_e, chequers_serial_rivers_micro_a,
          chequers_serial_rivers_large_a, minivault_4,
          nicolae_figureground_sparkle
D:7:      layout_basic, st_stairs_12
D:8:      layout_cave_pools, nemelex_diamond_rough_becter,
          mainiacjoe_overflow_catwalk, uniq_erica, uniq_prince_ribbit1
Temple:   hellmonk_temple_two_chambers

Skill      XL: |  1  2  3  4  5  6  7  8  9 10 |
---------------+-------------------------------+-----
Shields        | 3 4 5 6 7 |  7.6
Unarmed Combat | 3 4 5 6 8 10 11 | 11.2
Fighting       | 3 4 5 6 |  6.9
Dodging        | |  2.4

Action                   |  1- 3 |  4- 6 |  7- 9 | 10-12 || total
-------------------------+-------+-------+-------+-------++-------
Melee: Unarmed           |   100 |   163 |   305 |    82 ||   650
  Use: Scroll            |       |     3 |     2 |       ||     5
       Potion            |       |     1 |     5 |     4 ||    10
 Stab: Sleeping          |       |       |     1 |       ||     1
Armor: Robe              |    39 |    95 |    60 |    16 ||   210
Dodge: Dodged            |    34 |   126 |    87 |    43 ||   290
Block: Kite shield       |    29 |   118 |   117 |    52 ||   316

Table legend: (Time is in decaauts)
 A = Elapsed time spent in this place.
 B = Non-inter-level travel time spent in this place.
 C = Inter-level travel time spent in this place.
 D = Time resting spent in this place.
 E = Time spent auto-exploring this place.
 F = Levels seen in this place.
 G = Mean time per level.
                   A        B        C        D        E       F      G
               +--------+--------+--------+--------+--------+-----+--------+
         Total |   6968 |   6164 |    804 |    355 |   3907 |  10 |  696.8 |
       Dungeon |   6551 |   5751 |    800 |    349 |   3736 |   8 |  818.9 |
        Temple |     17 |     13 |      4 |      0 |     11 |   1 |   17.0 |
         Sewer |    398 |    398 |      0 |      6 |    160 |   1 |  398.0 |
               +--------+--------+--------+--------+--------+-----+--------+

Top non-repeatable levels by time:
     D:5: 1186 daAuts
     D:6: 1102 daAuts
     D:4: 918 daAuts
     D:3: 822 daAuts
     D:7: 800 daAuts
     D:1: 757 daAuts
     D:2: 711 daAuts
   Sewer: 398 daAuts
     D:8: 252 daAuts
  Temple: 17 daAuts
